 Dungeon Crawl Stone Soup version 0.30-a0-777-ga9a30cbeda (webtiles) character file.

Game seed: 11741834329601994688

3382 HammerPanzer the Severer (level 9, -4/105 HPs)
             Began as a Minotaur Berserker on Feb 13, 2023.
             Was a High Priest of Trog.
             Killed by the air
             ... invoked by Gastronok
              (29 damage)
             ... on level 9 of the Dungeon.
             The game lasted 00:21:25 (7597 turns).

HammerPanzer the Severer (Minotaur Berserker)       Turns: 7597, Time: 00:21:26

Health: -4/105     AC: 16    Str: 26    XL:     9   Next: 74%
Magic:  8/8        EV:  9    Int:  4    God:    Trog [*****.]
Gold:   456        SH:  0    Dex: 10    Spells: 8/8 levels left

rFire   + . .      SeeInvis .    a - +0 broad axe
rCold   + + .      Faith    .    (no shield)
rNeg    . . .      Spirit   .    C - +4 chain mail
rPois   .          Reflect  .    (helmet restricted)
rElec   .          Harm     .    i - scarf {rC+ rF+}
rCorr   .          Rampage  .    (no gloves)
Will    .....                    v - +3 pair of mountain boots {steadfast, rC+} Stlth
                                 (no amulet)
HPRegen 0.37/turn                k - ring of flight
MPRegen 0.11/turn                (no ring)

@: berserking, flying, very quick
A: horns 2, retaliatory headbutt
a: Renounce Religion, Berserk, Trog's Hand, Brothers in Arms


You were on level 9 of the Dungeon.
You worshipped Trog.
Trog was extremely pleased with you.
You visited 1 branch of the dungeon, and saw 9 of its levels.
You also visited: Ossuary.

You collected 501 gold pieces.
You spent 45 gold pieces at shops.

Inventory:

Hand Weapons
 a - a +0 broad axe (weapon)
 b - a +0 hand crossbow
 D - a +1 antimagic hand axe
Missiles
 n - 11 poisoned darts (quivered)
 o - a javelin
 p - a throwing net
 t - 2 silver javelins
Armour
 f - a +1 plate armour
 i - a scarf of resistance (worn)
 v - the +3 pair of mountain boots (worn) {steadfast, rC+}
   (You acquired it on level 5 of the Dungeon)

   Steadfast: It prevents involuntary movement, except for blinking,
   teleportation, or banishment.
   rC:        It protects you from cold.
 C - a +4 chain mail (worn)
Jewellery
 k - a ring of flight (left hand)
Wands
 m - a wand of flame (32)
 y - a wand of charming (6)
 A - a wand of digging (7)
Scrolls
 j - 3 scrolls of fear
 q - a scroll of enchant armour
 x - 2 scrolls of enchant weapon
 z - a scroll of blinking
 F - a scroll of teleportation
 G - a scroll of identify
Potions
 c - 4 potions of mutation
 d - a potion of haste
 e - 2 potions of heal wounds
 g - a potion of attraction {unknown}
 h - 4 potions of flight
 l - 2 potions of cancellation
 r - 2 potions of curing {unknown}
 s - a potion of brilliance {unknown}
 u - 7 potions of might
 w - 2 potions of degeneration {unknown}
 B - a potion of invisibility {unknown}
 E - a potion of lignification {unknown}


   Skills:
 - Level 3.6 Fighting
 + Level 16.5 Axes
 - Level 2.4 Armour
 - Level 2.1 Dodging


You had 8 spell levels left.
You didn't know any spells.
Your spell library was empty.

Dungeon Overview and Level Annotations

Branches:
Dungeon (9/15)             Temple (0/1) D:6         Ossuary (visited)
   Lair: D:8-11         Orc: D:9-12

Altars:
Ashenzari
Cheibriados
Makhleb
Qazlal
Zin

Shops:
D:3 [:[   D:4 (

Annotations:
D:9 Gastronok


Innate Abilities, Weirdness & Mutations

You have a pair of horns on your head.
You reflexively headbutt those who attack you in melee.


Message History

HP restored.
n - 11 poisoned darts (gained 4);
E - a bubbling clear potion
Things that are here:
a +0 short sword; a kobold corpse
There is a stone staircase leading up here.
There is a stone staircase leading up here.
You reach down and open the door.
There is an open door here.
G - a scroll of identify Gastronok the Ponderous comes into view.
He is wearing the +3 hat of Pondering {ponderous, Will+ MP+10 Int+5}.
Gastronok gurgles horribly!
You feel a sudden urge to swivel your nonexistent eyestalks around.
You start waiting.
Gastronok is nearby!
You slash Gastronok!
Gastronok is lightly wounded.
Gastronok barely misses you. You furiously retaliate!
You headbutt Gastronok! You hit Gastronok.
Gastronok is lightly wounded.
You slash Gastronok!
Gastronok is lightly wounded.
Gastronok bites you!!
You slash Gastronok!
Gastronok is moderately wounded.
You completely miss Gastronok.
Gastronok is moderately wounded.
You completely miss Gastronok. Your headbutt misses Gastronok.
You punch Gastronok.
Gastronok is moderately wounded.
Gastronok bites you!!
* * * LOW HITPOINT WARNING * * *
A red film seems to cover your vision as you go berserk!
You feel yourself moving faster!
You feel mighty!
You slash Gastronok!
Gastronok is moderately wounded.
You slash Gastronok! You headbutt Gastronok!!
Gastronok is heavily wounded.
Gastronok waves his eye-stalks in wide circles.
The air twists around and strikes you!!
You die...

#.....).....#...........
#...........#.........w.
#...........#...........
#...........#...........
#...........#.....#
#....###.<..#####.#
#....#.#........#.#
######.##########w#
................@.##
........................
........................
####...#################
#####


You could see Gastronok.

Vanquished Creatures
  Grinder (D:5)
  Prince Ribbit (D:8)
  An ice beast (D:6)
  2 orc warriors (D:6)
  A black bear (D:5)
  2 ogres
  2 centaurs (D:8)
  An elf zombie (Ossuary)
  A kobold brigand (D:8)
  5 bullfrogs
  6 scorpions
  8 wights
  4 howler monkeys
  2 centaur zombies (Ossuary)
  2 hounds
  5 orc priests
  A jelly (D:7)
  An iron imp (D:6)
  5 iguanas
  5 orc wizards
  Natasha (thrice) (D:4)
  2 mummies (Ossuary)
  3 gnolls (D:5)
  6 adders
  A white imp (D:7)
  2 ufetubi
  2 adder zombies (Ossuary)
  A worm (D:2)
  4 dart slugs
  23 orcs
  10 ball pythons
  6 bats
  4 endoplasms
  7 goblins
  7 hobgoblins
  5 quokkas
  3 training dummies (D:4)
  14 hobgoblin zombies (Ossuary)
  3 jackal zombies (Ossuary)
  16 kobolds
  6 kobold zombies (Ossuary)
  8 orc zombies (Ossuary)
  3 rats
195 creatures vanquished.

Vanquished Creatures (others)
  A plant (D:9)
1 creature vanquished.

Grand Total: 196 creatures vanquished

Notes
Turn   | Place    | Note
-------+----------+-------------------------------------------
     0 | D:1      | HammerPanzer the Minotaur Berserker began the quest for the
                  | Orb.
     0 | D:1      | Reached XP level 1. HP: 19/19 MP: 0/0
   105 | D:1      | Reached skill level 4 in Axes
   248 | D:1      | Reached XP level 2. HP: 26/26 MP: 1/1
   622 | D:2      | Reached skill level 5 in Axes
   722 | D:2      | Reached XP level 3. HP: 31/31 MP: 2/2
  1151 | D:2      | Reached ** piety under Trog
  1641 | D:3      | Found a stormy altar of Qazlal.
  1896 | D:3      | Found Penaelit's Book Shop.
  2006 | D:3      | Found Yhaudug's Armour Boutique.
  2082 | D:3      | Noticed a scorpion
  2086 | D:3      | Killed a scorpion
  2087 | D:3      | Reached skill level 6 in Axes
  2087 | D:3      | Reached XP level 4. HP: 36/39 MP: 3/3
  2113 | D:3      | Found Tomef's Antique Armour Boutique.
  2507 | D:4      | Noticed Natasha
  2515 | D:4      | Killed Natasha
  2516 | D:4      | Reached skill level 7 in Axes
  2516 | D:4      | Reached XP level 5. HP: 44/45 MP: 4/4
  2646 | D:4      | Found Othrusael's Firing Range.
  2650 | D:4      | Bought a +0 hand crossbow for 45 gold pieces
  2693 | D:4      | Reached *** piety under Trog
  2705 | D:4      | Reached skill level 8 in Axes
  2906 | D:4      | Reached XP level 6. HP: 42/51 MP: 5/5
  3019 | D:4      | Noticed Natasha
  3027 | D:4      | Killed Natasha
  3092 | D:4      | Noticed Natasha
  3097 | D:4      | Killed Natasha
  3098 | D:4      | Reached skill level 9 in Axes
  3273 | D:5      | Entered Level 5 of the Dungeon
  3384 | D:5      | Noticed Grinder
  3389 | D:5      | Killed Grinder
  3390 | D:5      | Reached skill level 10 in Axes
  3390 | D:5      | Reached XP level 7. HP: 57/57 MP: 6/6
  3400 | D:5      | Reached skill level 11 in Axes
  3530 | D:5      | Reached XP level 8. HP: 64/64 MP: 7/7
  3678 | D:5      | Reached skill level 12 in Axes
  4094 | D:5      | Identified a scroll of acquirement
  4094 | D:5      | Acquired the +3 pair of mountain boots {steadfast, rC+}
  4094 | D:5      | Found the +3 pair of mountain boots {steadfast, rC+}
  4210 | D:6      | Found a snail-covered altar of Cheibriados.
  4239 | D:6      | Reached **** piety under Trog
  4326 | D:6      | Found a sand-covered staircase.
  4335 | Ossuary  | Entered an ossuary
  4450 | Ossuary  | Reached skill level 13 in Axes
  4632 | D:6      | Found a staircase to the Ecumenical Temple.
  4658 | D:6      | Found a burning altar of Makhleb.
  4760 | D:6      | Found a broken altar of Ashenzari.
  4768 | D:6      | Reached skill level 14 in Axes
  4769 | D:6      | Reached ***** piety under Trog
  4988 | D:6      | Reached XP level 9. HP: 70/70 MP: 8/8
  5103 | D:6      | Found a glowing silver altar of Zin.
  5755 | D:7      | Reached skill level 15 in Axes
  6820 | D:8      | Noticed Prince Ribbit
  6838 | D:8      | Killed Prince Ribbit
  6839 | D:8      | Reached skill level 16 in Axes
  7567 | D:9      | Noticed Gastronok
  7597 | D:9      | Killed from afar by Gastronok

Illustrated notes

Levels and vault maps discovered:
D:1:      dpeg_arrival_arbitrary_b, layout_rooms
D:2:      layout_basic
D:3:      layout_loops_corners, nicolae_qazlal_general_emergency, serial_shops,
          nicolae_shop_stone, shop, nicolae_shop_window_shopping
D:4:      layout_loops_cross, minmay_misc_feat_enclosed,
          nicolae_shop_firing_range, uniq_natasha
D:5:      layout_loops_ring, chequers_serial_rivers_small_a, uniq_grinder
D:6:      layout_basic, nicolae_overflow_hidden_temple,
          mainiacjoe_overflow_alcove_1, ashenzari_conservatory_becter,
          chei_slow_surprise, minmay_temple_entry_offerings,
          nicolae_ossuary_entry_plus
D:7:      layout_basic, serial_rivers, chequers_serial_rivers_large_b,
          chequers_serial_rivers_small_a, chequers_serial_rivers_small_b,
          chequers_serial_rivers_micro_c
D:8:      layout_layer_cave, uniq_prince_ribbit1
D:9:      layout_irregular_city, palyth_temple_overflow_mages,
          david_lair_shrubbed, uniq_gastronok

Skill      XL: |  1  2  3  4  5  6  7  8  9 |
---------------+----------------------------+-----
Axes           | 4 5 6 7 8 10 11 14 16 | 16.5
Fighting       | |  3.6
Armour         | |  2.4
Dodging        | |  2.1

Action                     |  1- 3 |  4- 6 |  7- 9 || total
---------------------------+-------+-------+-------++-------
  Melee: Hand axe          |    98 |    72 |   299 ||   469
         Headbutt          |     8 |    10 |    55 ||    73
         Punch             |       |     1 |     7 ||     8
         Broad axe         |       |       |    38 ||    38
   Fire: Hand crossbow     |       |    35 |     3 ||    38
  Throw: Dart              |       |       |     1 ||     1
 Invoke: Berserk           |       |     1 |     6 ||     7
    Use: Scroll            |     7 |     3 |     8 ||    18
   Stab: Sleeping          |     1 |       |       ||     1
 Armour: Plate armour      |    61 |    47 |   155 ||   263
         Animal skin       |     2 |       |       ||     2
         Chain mail        |       |       |    15 ||    15
  Dodge: Dodged            |    29 |    22 |    92 ||   143

Table legend: (Time is in decaauts)
 A = Elapsed time spent in this place.
 B = Non-inter-level travel time spent in this place.
 C = Inter-level travel time spent in this place.
 D = Time resting spent in this place.
 E = Time spent auto-exploring this place.
 F = Levels seen in this place.
 G = Mean time per level.
                   A        B        C        D        E       F      G
               +--------+--------+--------+--------+--------+-----+--------+
         Total |   7570 |   7308 |    262 |    718 |   5173 |  10 |  757.0 |
       Dungeon |   7326 |   7064 |    262 |    657 |   5100 |   9 |  814.0 |
       Ossuary |    243 |    243 |      0 |     61 |     73 |   1 |  243.0 |
               +--------+--------+--------+--------+--------+-----+--------+

Top non-repeatable levels by time:
     D:8: 1437 daAuts
     D:2: 1069 daAuts
     D:6: 950 daAuts
     D:5: 861 daAuts
     D:3: 856 daAuts
     D:4: 815 daAuts
     D:7: 636 daAuts
     D:1: 562 daAuts
 Ossuary: 243 daAuts
     D:9: 136 daAuts
